 Dungeon Crawl Stone Soup version 0.21.1-1-g345015f (webtiles) character file.

188 inc the Shield-Bearer (level 5, -1/36 HPs)
             Began as an Octopode Fighter on Apr 25, 2018.
             Was an Initiate of Gozag.
             Killed from afar by an orc wizard (9 damage)
             ... with a magic dart
             ... on level 4 of the Dungeon.
             The game lasted 00:04:56 (2788 turns).

inc the Shield-Bearer (Octopode Fighter)            Turns: 2788, Time: 00:04:57

Health: -1/36      AC:  1    Str: 11 (13) XL:     5   Next: 67%
Magic:  5/5        EV: 12    Int: 11      God:    Gozag
Gold:   340        SH:  9    Dex: 12 (14) Spells: 4/4 levels left

rFire    . . .     SeeInvis .   a - +0 flail
rCold    . . .     Gourm    .   b - +0 shield
rNeg     . . .     Faith    .   (helmet restricted)
rPois    .         Spirit   .   (no amulet)
rElec    .         Reflect  .   (no ring)
rCorr    .         Harm     .   (no ring)
MR       .....                  (no ring)
Stlth    ++........             (no ring)
HPRegen  0.12/turn              (no ring)
MPRegen  0.09/turn              (no ring)
                                (no ring)
                                (no ring)

@: gold aura
A: almost no armour, stealthy swim, amphibious, 8 rings, constrict 8, camouflage
1, agile 1, weak 1, gelatinous body 1
a: Potion Petition, Call Merchant, Bribe Branch, Renounce Religion


You were on level 4 of the Dungeon.
You worshipped Gozag.
Gozag was aware of your devotion.
You were not hungry.

You visited 1 branch of the dungeon, and saw 4 of its levels.

You collected 387 gold pieces.
You paid 47 gold pieces to Gozag.

Inventory:

Hand Weapons
 a - a +0 flail (weapon)
Armour
 b - a +0 shield (worn)
Wands
 g - a wand of iceblast (5)
 l - a wand of random effects (20)
Scrolls
 f - a scroll of amnesia {unknown}
 h - a scroll of blinking {unknown}
 i - 2 scrolls of enchant weapon {unknown}
 j - 2 scrolls of identify
 k - 3 scrolls of teleportation {unknown}
 m - a scroll of random uselessness
Comestibles
 d - 3 rations


   Skills:
 - Level 3.0 Fighting
 + Level 4.2 Maces & Flails
 - Level 3.0 Dodging
 + Level 4.8 Shields


You had 4 spell levels left.
You didn't know any spells.

Dungeon Overview and Level Annotations

Branches:
Dungeon (4/15)
 Temple: D:4-7

Altars:
Cheibriados
Elyvilon
Gozag
Qazlal
Ru
Xom

Annotations:
D:3 Tiareth's ghost, amateur DEWr


Innate Abilities, Weirdness & Mutations

You cannot wear most types of armour.
You are very stealthy in the water. (Stealth+)
You are amphibious.
You can wear up to eight rings at the same time.
You can use your tentacles to constrict eight enemies at once.
Your skin changes colour to match your surroundings (Stealth+).
Your rubbery body absorbs attacks. (AC +1, EV +1)
You are agile. (Dex +2)
You are weak. (Str -2)


Message History

The orc wizard gestures wildly while chanting.
The orc wizard flickers and vanishes!
Deactivating autopickup; reactivate with Ctrl-A.
The orc wizard points at you and mumbles some strange words.
You hit something but do no damage. You constrict something.
Something hits you but does no damage.
The orc wizard casts a spell.
The orc wizard blinks!
Okay, then.
It was a potion of mutation.
You feel extremely strange.
You feel weaker.
You feel agile.
You constrict something. Something hits you but does no damage.
You hit something. You squeeze something. You constrict something.
Something hits you.
* * * LOW HITPOINT WARNING * * *
You hear some strange, mumbled words.
A magic dart appears from out of thin air!
The magic dart hits you!
You die...
Your body crumbles into a pile of gold.

##..........## #####......
#......(<...####8.........
#..#######...#.'....._..._
#.## ##..#[#8......... #.#
##...#####...... #.##
#.......#._..._ ##.##
##########8.8..8
##.#######.## #######
##..##.@{ยง.# ##....###..#
###### #.o# #..# #..# $
#..# ##.


You could see an orc wizard.

Vanquished Creatures
  A bullfrog skeleton (D:3)
  2 orc wizards (D:4)
  3 adders (D:3)
  A shadow imp (D:4)
  2 worms
  7 dart slugs
  3 orcs
  4 giant cockroaches
  3 goblins
  3 hobgoblins
  2 jackals (D:1)
  3 quokkas
  5 bats
  2 frilled lizards
  5 kobolds
  9 rats
55 creatures vanquished.

Vanquished Creatures (others)
  A kobold (D:3)
1 creature vanquished.

Grand Total: 56 creatures vanquished

Notes
Turn   | Place    | Note
-------+----------+-------------------------------------------
     0 | D:1      | inc the Octopode Fighter began the quest for the Orb.
     0 | D:1      | Reached XP level 1. HP: 16/16 MP: 1/1
    65 | D:1      | Reached XP level 2. HP: 11/21 MP: 2/2
   745 | D:2      | Reached XP level 3. HP: 23/26 MP: 3/3
   776 | D:2      | Found an opulent altar of Gozag.
   820 | D:2      | Became a worshipper of Gozag Ym Sagoz the Greedy
  1015 | D:2      | Found a snail-covered altar of Cheibriados.
  1015 | D:2      | Found a sacrificial altar of Ru.
  1515 | D:3      | Reached XP level 4. HP: 13/31 MP: 4/4
  1893 | D:3      | Noticed Tiareth's ghost (amateur DEWr)
  2266 | D:3      | Reached XP level 5. HP: 18/36 MP: 5/5
  2523 | D:4      | Found a shimmering altar of Xom.
  2525 | D:4      | Found a sacrificial altar of Ru.
  2525 | D:4      | Found a stormy altar of Qazlal.
  2527 | D:4      | Found a shimmering altar of Xom.
  2527 | D:4      | Found a white marble altar of Elyvilon.
  2527 | D:4      | Found a sacrificial altar of Ru.
  2787 | D:4      | Gained mutation: You are weak. (Str -2) [potion of mutation]
  2787 | D:4      | Gained mutation: You are agile. (Dex +2) [potion of mutation]
  2788 | D:4      | Killed from afar by an orc wizard

Skill      XL: |  1  2  3  4  5 |
---------------+----------------+-----
Maces & Flails | 3 4 |  4.2
Shields        | 4 |  4.8
Fighting       | |  3.0
Dodging        | |  3.0

Action                   |  1- 3 |  4- 6 || total
-------------------------+-------+-------++-------
Melee: Flail             |    54 |    74 ||   128
       Constrict         |    11 |    16 ||    27
       Tentacles         |    10 |    13 ||    23
  Use: Potion            |       |     7 ||     7
       Scroll            |       |     1 ||     1
 Stab: Sleeping          |    12 |     2 ||    14
  Eat: Ration            |     2 |       ||     2
Armor: Skin              |     9 |    19 ||    28
Dodge: Dodged            |    15 |    61 ||    76
Block: Shield            |    24 |    41 ||    65
